 Dungeon Crawl Stone Soup version 0.28-a0-1506-g3893175d92 (webtiles) character file.

Game seed: 10278257403230919412

64 Aksej the Skirmisher (level 3, 0/29 HPs)
             Began as a Demonspawn Monk on Jan 14, 2022.
             Slain by a crimson imp (3 damage)
             ... summoned by Natasha
             ... on level 2 of the Dungeon.
             The game lasted 00:02:58 (1672 turns).

Aksej the Skirmisher (Demonspawn Monk)              Turns: 1672, Time: 00:02:59

Health: 0/29       AC:  3    Str: 17    XL:     3   Next: 91%
Magic:  3/3        EV: 10    Int: 11    God:
Gold:   89         SH:  0    Dex: 17    Spells: 2/2 levels left

rFire   . . .      SeeInvis .   a - +0 falchion
rCold   . . .      Faith    .   (no shield)
rNeg    . . .      Spirit   .   c - +0 leather armour
rPois   .          Reflect  .   (no helmet)
rElec   .          Harm     .   (no cloak)
rCorr   .          Rampage  .   (no gloves)
Will    .....                   (no boots)
Stlth   ++........              (no amulet)
HPRegen 0.09/turn               g - +6 ring of strength
MPRegen 0.16/turn               (no ring)

@: hasted and slowed, constricted
A: powered by pain 1, magic regeneration
a: no special abilities


You were on level 2 of the Dungeon.
You visited 1 branch of the dungeon, and saw 2 of its levels.

You collected 89 gold pieces.

Inventory:

Hand Weapons
 a - a +0 falchion (weapon)
Missiles
 f - 3 boomerangs (quivered)
Armour
 c - a +0 leather armour (worn)
Jewellery
 e - a ring of flight
 g - a +6 ring of strength (left hand)
Potions
 b - a potion of haste
 d - a potion of ambrosia {unknown}
 h - a potion of resistance {unknown}
 i - a potion of attraction {unknown}


   Skills:
 * Level 3.5 Fighting
 * Level 3.5 Long Blades
 + Level 0.1 Throwing
 + Level 0.1 Armour
 * Level 3.1 Dodging
 + Level 1.9 Stealth


You had 2 spell levels left.
You didn't know any spells.
Your spell library contained the following spells:

 Spells                   Type           Power      Damage    Failure   Level
 Dazzling Flash           Conj/Hex       0%         N/A       77%         3
 Iskenderun's Mystic Bla  Conj/Tloc      0%         2d3       99%         4
 Starburst                Conj/Fire      0%         6d3       100%        6


Dungeon Overview and Level Annotations

Branches:
Dungeon (2/15)

Altars:

Annotations:
D:2 Natasha


Innate Abilities, Weirdness & Mutations

You sometimes gain a little power by taking damage.
You regenerate magic rapidly.


Message History

It was a potion of haste.
You feel yourself speed up. The ball python barely misses you.
The ball python constricts you. Natasha claws you but does no damage.
You escape the ball python's grasp.
Natasha casts a spell.
You closely miss Natasha. The ball python closely misses you.
The ball python grabs you. The ball python constricts you.
You barely miss Natasha.
The ball python bites you but does no damage.
The ball python constricts you. The crimson imp misses you.
Natasha splashes around in the water.
You barely miss Natasha. The ball python bites you.
The ball python constricts you. The crimson imp barely misses you.
Natasha claws you.
You closely miss Natasha. The ball python bites you.
* * * LOW HITPOINT WARNING * * *
The ball python constricts you.
The crimson imp hits you but does no damage.
Natasha casts a spell at you.
You feel yourself slow down.
You closely miss Natasha.
The ball python bites you but does no damage.
The ball python constricts you. Natasha claws you.
* * * LOW HITPOINT WARNING * * *
The crimson imp closely misses you. The ball python bites you.
* * * LOW HITPOINT WARNING * * *
The ball python constricts you.
You miss Natasha. You punch Natasha.
Natasha is moderately wounded.
The ball python barely misses you. The ball python constricts you.
* * * LOW HITPOINT WARNING * * *
The crimson imp grinds its teeth.
The crimson imp hits you but does no damage.
Natasha casts a spell at you. You resist with significant effort.
You slash Natasha!
Natasha is almost dead.
The ball python closely misses you. The ball python constricts you.
The crimson imp hits you.
You die...

#.....................#.#§#
#.#######'#######.......#§#
#≈≈≈≈≈≈.≈≈≈≈≈≈#......§#§######
#≈...........≈#...##.§§§§.....
#≈...........≈#.#...§§..######
#≈..#######..≈#...###.########
#≈..#######..≈# #. .....
#≈..## ###..≈### ## #####
'...# ##.5@'.# #... #≈..#
##.Sh#...# ####.## ≈.
###..≈##### #...... #####..≈#
#<## ........≈# #.##
........≈# #.## ≈≈.≈≈≈≈≈≈#
#.## ##'####### #÷#. #...


You could see Natasha, a crimson imp (summoned) and a ball python.

Vanquished Creatures
  Natasha (D:2)
  A worm (D:2)
  A dart slug (D:2)
  A ball python (D:2)
  7 endoplasms
  3 giant cockroaches (D:1)
  3 goblins
  3 hobgoblins (D:1)
  A quokka (D:2)
  5 bats
  2 frilled lizards
  2 rats (D:1)
30 creatures vanquished.

Notes
Turn   | Place    | Note
-------+----------+-------------------------------------------
     0 | D:1      | Aksej the Demonspawn Monk began the quest for the Orb.
     0 | D:1      | Reached XP level 1. HP: 18/18 MP: 1/1
   319 | D:1      | Gained mutation: You sometimes gain a little power by
                  | taking damage. [demonic ancestry]
   319 | D:1      | Reached XP level 2. HP: 24/24 MP: 2/2
   980 | D:1      | Found a faded altar of an unknown god.
  1016 | D:2      | Noticed Natasha
  1028 | D:2      | Killed Natasha
  1029 | D:2      | Gained mutation: You regenerate magic rapidly. [demonic
                  | ancestry]
  1029 | D:2      | Reached XP level 3. HP: 7/29 MP: 3/3
  1656 | D:2      | Noticed Natasha
  1672 | D:2      | Slain by a crimson imp

Illustrated notes

Levels and vault maps discovered:
D:1:      mrwooster_arrival_statue_3, layout_rooms,
          hellmonk_ecumenical_altar_leap_of_faith, nicolae_figureground_pulse
D:2:      layout_loops_ring, kennysheep_path_1, uniq_natasha

Skill      XL: |  1  2 |
---------------+-------+-----
Long Blades    | 3 |  3.5
Dodging        | 3 |  3.1
Fighting       | |  3.5
Throwing       | |  0.1
Armour         | |  0.1
Stealth        | |  1.9

Action                   || total
-------------------------++-------
Melee: Falchion          ||    88
       Punch             ||     1
Throw: Boomerang         ||     4
  Use: Scroll            ||     1
       Potion            ||     1
 Stab: Sleeping          ||     9
Armor: Robe              ||     3
       Leather armour    ||    15
Dodge: Dodged            ||    59

Table legend: (Time is in decaauts)
 A = Elapsed time spent in this place.
 B = Non-inter-level travel time spent in this place.
 C = Inter-level travel time spent in this place.
 D = Time resting spent in this place.
 E = Time spent auto-exploring this place.
 F = Levels seen in this place.
 G = Mean time per level.
                   A        B        C        D        E       F      G
               +--------+--------+--------+--------+--------+-----+--------+
         Total |   1690 |   1673 |     17 |      0 |   1422 |   2 |  845.0 |
       Dungeon |   1690 |   1673 |     17 |      0 |   1422 |   2 |  845.0 |
               +--------+--------+--------+--------+--------+-----+--------+

Top non-repeatable levels by time:
     D:1: 1024 daAuts
     D:2: 665 daAuts
